Map: [ESL] Oceanborn

Players

Epic

  • Race: Terran Terran
  • Spawn Location: 5:00

Dolan - Winner!

  • Race: Terran Terran
  • Spawn Location: 11:00

Event: ESL SC2 Masters 2024 Spring (Regional)

VOD

Have the link to the VOD?

Description

Time

  • Played on: April 14, 2024, 4:35 p.m.
  • Length: 13:36

All games in this series

Show
View Real Time Build Order
Export as new Build Order

Epic Terran 

Build Orders: Cyclone Opening 

Get SALT Encoding   

  12  0:00  SCV  
  13  0:12  SCV  
  14  0:16  Supply Depot  
  14  0:24  SCV  
  15  0:38  SCV  
  15  0:39  Barracks  
  16  0:43  Refinery  
  16  0:50  SCV  
  16  0:55  Refinery  
  17  1:02  SCV  
  18  1:14  SCV  
  19  1:26  Reaper  
  19  1:27  Orbital Command  
  19  1:30  Supply Depot  
  20  1:41  Factory  
  20  1:52  SCV  
  21  1:59  Reaper  
  22  2:04  SCV  
  23  2:18  Command Center  
  23  2:22  SCV  
  24  2:28  Cyclone  
  26  2:33  Barracks Reactor  
  26  2:36  SCV  
  26  2:45  Supply Depot  
  26  2:48  SCV  
  27  2:53  Starport  
  27  3:00  SCV, Factory Tech Lab  
  28  3:09  Marine  
  28  3:10  Marine  
  28  3:12  SCV  
  31  3:20  Siege Tank  
  31  3:24  SCV  
  35  3:28  Marine x2  
  35  3:30  Starport Tech Lab  
  37  3:34  Orbital Command  
  37  3:36  SCV  
  38  3:41  Refinery  
  39  3:48  SCV  
  39  3:52  Raven  
  41  3:59  SCV  
  41  4:01  SCV  
  43  4:09  Command Center  
  43  4:12  SCV  
  43  4:13  SCV  
  45  4:19  Siege Tank  
  46  4:24  SCV  
  46  4:25  SCV  
  46  4:28  Supply Depot  
  46  4:31  Raven  
  50  4:37  SCV x2  
  52  4:41  Barracks  
  52  4:49  SCV x2  
  52  4:50  Supply Depot  
  54  4:53  Barracks  
  54  4:54  Interference Matrix  
  54  4:58  Stimpack  
  54  5:01  SCV x2  
  54  5:04  Refinery, Factory Reactor  
  56  5:08  Marine  
  56  5:13  SCV x2  
  59  5:14  Raven  
  59  5:21  Orbital Command  
  61  5:25  SCV x2  
  63  5:30  Barracks  
  63  5:31  Barracks  
  63  5:35  Marine  
  64  5:36  Marine x2  
  64  5:39  SCV x2  
  68  5:47  SCV, Engineering Bay  
  68  5:48  Engineering Bay  
  67  5:59  Siege Tank  
  67  6:00  Starport Reactor, Marine x5  
  67  6:02  SCV x2  
  67  6:03  SCV  
  78  6:09  Supply Depot  
  78  6:17  Terran Infantry Weapons Level 1  
  78  6:18  Terran Infantry Armor Level 1  
  78  6:20  Marine x5  
  78  6:21  Marine x2  
  82  6:31  Siege Tank  
  85  6:38  Combat Shield, Marine x7  
  92  6:48  Supply Depot  
  92  6:49  Medivac  
  92  6:50  Medivac  
  77  6:59  SCV x3  
  51  7:02  Marine  
  51  7:03  Marine x3  
  51  7:06  Marine  
  56  7:09  Marine x2  
  56  7:12  SCV x2  
  56  7:15  SCV  
  61  7:20  Siege Tank  
  63  7:26  SCV x2  
  63  7:27  SCV, Medivac  
  67  7:30  Medivac  
  67  7:33  Marine x2  
  71  7:38  SCV  
  71  7:39  SCV x2  
  71  7:44  Marine x5  
  75  7:51  Marine x2  
  75  7:53  Siege Tank  
  79  8:01  Marine  
  79  8:02  Marine x4  
  79  8:04  SCV x3  
  64  8:13  Medivac  
  64  8:15  Medivac  
  64  8:19  SCV x2  
  70  8:20  SCV  
  70  8:22  Marine  
  70  8:23  Marine  
  73  8:28  Marine x2  
  73  8:31  SCV x2  
  73  8:32  SCV  
  78  8:37  Siege Tank  
  81  8:43  SCV x2  
  83  8:52  SCV  
  83  8:55  SCV x2  
  86  8:56  Marine x3  
  86  8:57  Marine  
  86  9:00  Marine  
  86  9:01  Barracks Reactor, Orbital Command  
  91  9:06  Supply Depot  
  91  9:07  SCV x2, Armory, Supply Depot  
  93  9:18  Marine x4  
  93  9:19  SCV x2, Barracks Reactor  
  99  9:27  Siege Tank  
  99  9:30  SCV  
  103  9:31  SCV x2  
  103  9:33  Marine  
  103  9:34  Medivac  
  103  9:36  Marine  
  109  9:40  Medivac  
  111  9:45  Supply Depot  
  111  9:46  SCV, Supply Depot  
  111  9:48  SCV  
  111  9:49  SCV  
  114  9:54  Supply Depot  
  114  10:00  Terran Infantry Weapons Level 2, Terran Infantry Armor Level 2  
  114  10:04  SCV x3  
  117  10:07  Refinery  
  117  10:12  Refinery  
  117  10:15  Siege Tank  
  117  10:18  Marine x5  
  117  10:19  Marine  
  126  10:22  Supply Depot  
  126  10:23  Marine  
  126  10:26  Medivac  
  129  10:29  Medivac  
  129  10:33  Terran Vehicle Weapons Level 1  
  129  10:34  Marine  
  129  10:35  Marine  
  133  10:36  Marine x2  
  133  10:44  Factory  
  133  10:49  Siege Tank  
  135  11:01  Command Center  
  135  11:02  Marine x9  
  144  11:07  SCV, Supply Depot  
  144  11:08  SCV  
  144  11:09  SCV  
  147  11:11  Medivac  
  149  11:26  Marine  
  149  11:28  Marine x8  
  149  11:29  Factory Tech Lab  
  156  11:40  Medivac  
  156  11:44  Marine  
  156  11:46  Marine  
  157  11:47  Marine  
  151  11:54  Command Center  
  151  11:59  Supply Depot  
  143  12:12  Siege Tank x2, Marine x2  
  143  12:15  Medivac x2  
  129  12:29  Command Center  
  129  12:36  Marine x4  
  129  12:37  Marine x2  
  109  12:40  Marine x2  
  109  12:44  Siege Tank  
  109  12:46  Siege Tank  
  115  12:53  Marine  
  115  12:54  Marine x6  
  121  13:08  SCV x2  
  123  13:17  Marine x3  
Show
View Real Time Build Order
Export as new Build Order

Dolan Terran - Winner!

Build Orders: Cyclone Opening 

Get SALT Encoding   

  12  0:00  SCV  
  13  0:12  SCV  
  14  0:17  Supply Depot  
  14  0:24  SCV  
  15  0:38  SCV  
  15  0:40  Barracks  
  16  0:42  Refinery  
  16  0:50  SCV  
  16  0:52  Refinery  
  17  1:03  SCV  
  18  1:15  SCV  
  19  1:26  Reaper  
  19  1:27  Orbital Command  
  20  1:38  Supply Depot  
  20  1:42  Factory  
  20  1:52  SCV  
  21  1:59  Reaper  
  22  2:05  SCV  
  23  2:17  SCV  
  23  2:20  Command Center  
  24  2:35  SCV  
  24  2:36  Cyclone  
  27  2:41  Starport  
  27  2:42  Barracks Reactor  
  27  2:47  SCV  
  27  2:49  Supply Depot  
  28  3:00  SCV  
  29  3:10  Factory Tech Lab  
  29  3:12  SCV, Refinery  
  30  3:17  Starport Tech Lab  
  30  3:23  Marine x2  
  30  3:24  SCV  
  33  3:29  Siege Tank  
  36  3:36  SCV  
  37  3:43  Marine x2  
  37  3:47  Raven  
  42  3:48  SCV, Orbital Command  
  42  3:56  Interference Matrix  
  42  4:00  Supply Depot  
  42  4:01  SCV, Marine x2  
  45  4:09  Siege Tank  
  48  4:15  SCV x2  
  50  4:27  SCV x2, Raven  
  50  4:30  Supply Depot  
  54  4:31  Marine x2  
  56  4:39  SCV x2  
  56  4:42  Siege Tank  
  61  4:46  Supply Depot  
  61  4:50  Marine  
  61  4:51  SCV x2, Marine  
  65  5:06  SCV  
  65  5:07  SCV  
  67  5:09  Command Center  
  67  5:14  Viking x2  
  67  5:20  SCV  
  67  5:21  SCV  
  73  5:24  Supply Depot, Refinery  
  73  5:26  Siege Tank  
  76  5:29  Stimpack  
  76  5:39  Supply Depot  
  76  5:41  SCV x2  
  78  5:53  SCV x2  
  79  6:00  Viking x2  
  83  6:05  SCV x2, Siege Tank  
  88  6:22  SCV x2, Orbital Command  
  88  6:23  Marine  
  91  6:26  Barracks  
  91  6:27  Engineering Bay, Barracks  
  91  6:28  Engineering Bay  
  91  6:40  Siege Tank  
  91  6:41  Viking x2  
  98  6:48  SCV  
  98  6:49  SCV x2  
  100  6:58  Orbital Command  
  100  7:01  SCV x2  
  86  7:11  Viking x2  
  86  7:13  SCV x2  
  86  7:14  Terran Infantry Weapons Level 1, Terran Infantry Armor Level 1, Marine  
  92  7:25  Siege Tank  
  95  7:32  SCV  
  95  7:33  SCV x2  
  98  7:50  SCV x3  
  98  7:51  Viking x2  
  103  7:54  Refinery x2  
  103  7:57  Siege Tank  
  104  8:02  SCV x3  
  93  8:06  Barracks Reactor x2, Marine  
  93  8:11  Sensor Tower  
  82  8:14  SCV x3  
  82  8:17  Supply Depot, Barracks x2  
  82  8:19  Armory, Supply Depot  
  85  8:21  Missile Turret  
  85  8:22  Viking  
  85  8:24  Marine  
  88  8:28  SCV x2  
  88  8:30  Siege Tank  
  88  8:32  Missile Turret x2  
  93  8:34  Missile Turret  
  93  8:36  Missile Turret  
  93  8:42  Marine, Viking  
  93  8:43  SCV x2  
  93  8:44  SCV  
  99  8:51  Sensor Tower  
  99  8:52  Marine  
  99  8:53  Marine x3  
  99  8:54  Combat Shield  
  103  9:00  Marine  
  104  9:03  Missile Turret  
  104  9:04  Siege Tank  
  104  9:06  Medivac, Missile Turret  
  104  9:07  Barracks Reactor x2  
  109  9:10  SCV x3  
  109  9:12  Marine  
  109  9:13  Marine x2  
  109  9:14  Marine  
  116  9:23  Medivac, Marine  
  119  9:28  Supply Depot, Factory  
  119  9:30  Marine x3  
  122  9:32  Marine  
  123  9:41  Command Center, Marine  
  124  9:47  Terran Infantry Weapons Level 2, Terran Infantry Armor Level 2  
  124  9:49  Siege Tank  
  124  9:52  Marine x4  
  128  9:53  Marine x2  
  133  10:00  Marine x2  
  135  10:11  Marine x4  
  139  10:19  Barracks  
  139  10:21  Barracks x2  
  139  10:22  Marine x2  
  139  10:26  Barracks Reactor  
  141  10:28  Marine x3  
  141  10:29  Siege Tank, Supply Depot, Marine x2  
  149  10:38  Marine  
  149  10:40  Marine  
  149  10:48  Siege Tank  
  149  10:50  Marine x4  
  149  10:55  Marine x2  
  149  10:56  Supply Depot, Marine  
  156  11:00  Medivac x2  
  160  11:04  Marine x2  
  160  11:05  Marine  
  160  11:08  Marine  
  164  11:15  Barracks Reactor, Marine x4  
  164  11:16  Siege Tank, Barracks Reactor x2  
  164  11:17  Marine  
  164  11:18  Marine  
  173  11:20  Siege Tank, Supply Depot, Terran Vehicle Weapons Level 1  
  173  11:22  Supply Depot, Marine  
  177  11:29  Supply Depot  
  177  11:32  Marine  
  177  11:33  Marine  
  177  11:37  Supply Depot  
  178  11:44  Marine x2  
  178  11:51  Marine x3  
  178  11:52  Marine x3  
  178  11:53  Siege Tank x2  
  181  12:16  Marine x7  
  181  12:18  Marine x2  
  190  12:23  Medivac x2, Marine  
  190  12:24  Marine  
  170  12:37  Marine x3  
  170  12:38  Marine x7  
  179  12:47  Marine x6  
  179  12:48  Siege Tank x2  
  191  12:51  Supply Depot  
  191  12:52  Sensor Tower  
  191  12:55  Marine x4  
  195  12:58  Medivac x2  
  195  12:59  Marine  
  168  13:35  Missile Turret  
Tags
 
Add a new tag
Caveats
  • Supply blocks, unpowered buildings, or Contaminate may cause inaccurate times.
  • Supply counts are checked every 10 seconds.